 Dungeon Crawl Stone Soup version 0.23.0-38-g208d714 (webtiles) character file.

Game seed: 17017335259996539946

60412 poirepourri the Cleaver (level 14, 0/79 HPs)
             Began as a Vine Stalker Fighter on Feb 27, 2019.
             Was the Champion of Zin.
             Killed by divine providence
             ... invoked by a meliai
              (13 damage)
             ... on level 13 of the Dungeon.
             The game lasted 00:28:07 (18481 turns).

poirepourri the Cleaver (Vine Stalker Fighter)     Turns: 18481, Time: 00:28:07

Health: 0/79       AC: 18    Str: 20    XL:     14   Next: 99%
Magic:  0/21       EV: 18    Int:  8    God:    Zin [******]
Gold:   213        SH: 18    Dex: 18    Spells: 13/13 levels left

rFire    + . .     SeeInvis .   a - +4 war axe (chop)
rCold    + + +     Gourm    .   P - +2 shield {AC+3}
rNeg     . . .     Faith    .   D - +1 scale mail {rF+}
rPois    .         Spirit   +   A - +1 helmet "Arall" {rC+++}
rElec    .         Reflect  +   C - +2 cloak {+Inv}
rCorr    .         Harm     .   n - +0 pair of gloves
MR       +....                  k - +0 pair of boots
Stlth    ..........             Q - +3 amulet of reflection (curse)
HPRegen  1.03/turn              x - +4 ring of evasion
MPRegen  0.17/turn              y - +5 ring of evasion

@: very slightly contaminated
A: fangs 3, regeneration 2, magic shield, antimagic bite, no potion heal 3, rot
immunity
a: Recite, Vitalisation, Imprison, Sanctuary, Donate Gold, Renounce Religion,
Evoke Invisibility


You were on level 13 of the Dungeon.
You worshipped Zin.
Zin was exalted by your worship.
You were not hungry.

You visited 3 branches of the dungeon, and saw 20 of its levels.

You collected 1530 gold pieces.
You spent 934 gold pieces at shops.
You donated 383 gold pieces to Zin.

Inventory:

Hand Weapons
 a - a +4 war axe of chopping (weapon)
 b - the +6 flail of Sequestration {crush, rC- rN+++ Str+4 Stlth+}
   (You found it on level 12 of the Dungeon)

   It inflicts extra damage upon your enemies.
   It affects your strength (+4).
   It makes you vulnerable to cold.
   It renders you almost immune to negative energy.
   It makes you more stealthy.
 B - a +5 blowgun
 K - a +0 hand crossbow
Missiles
 l - 163 bolts
 q - 3 tomahawks of dispersal
 s - 10 tomahawks (quivered)
 G - 6 curare-tipped needles
Armour
 k - a +0 pair of boots (worn)
 n - a +0 pair of gloves (worn)
 z - +0 acid dragon scales
 A - the +1 helmet "Arall" (worn) {rC+++}
   (You found it on level 9 of the Dungeon)

   It renders you almost immune to cold.
 C - a +2 cloak of invisibility (worn)
 D - a +1 scale mail of fire resistance (worn)
 P - a +2 shield of protection (worn)
Jewellery
 o - an uncursed amulet of rage
 w - an uncursed ring of see invisible
 x - a +4 ring of evasion (left hand)
 y - a +5 ring of evasion (right hand)
 H - an uncursed ring of protection from cold
 L - an uncursed amulet of magic regeneration
 M - an uncursed amulet of the acrobat
 N - an uncursed ring of flight
 Q - a cursed +3 amulet of reflection (around neck)
Wands
 d - a wand of flame (21)
 t - a wand of iceblast (15)
 J - a wand of disintegration (3)
Scrolls
 r - 5 scrolls of blinking
 u - 3 scrolls of teleportation
 v - 6 scrolls of remove curse
 E - 2 scrolls of fear
 F - a scroll of holy word
Potions
 c - 4 potions of brilliance
 e - 4 potions of flight
 g - a potion of cancellation
 h - 2 potions of haste
 i - 9 potions of curing
 j - 2 potions of magic
 m - 4 potions of invisibility
 p - 2 potions of resistance
Comestibles
 f - 32 rations


   Skills:
 + Level 11.8 Fighting
 - Level 14.0 Axes
 - Level 2.4 Armour
 - Level 12.0 Shields
 - Level 8.0 Invocations
 - Level 7.0 Evocations


You had 13 spell levels left.
You didn't know any spells.
Your spell library contained the following spells:

 Spells                   Type           Power        Failure   Level  Hunger
 Animate Skeleton         Necr           N/A          88%         1    ##.....
 Pain                     Necr           #...         88%         1    ##.....
 Poisonous Vapours        Pois/Air       #.....       95%         2    ###....
 Conjure Flame            Conj/Fire      #.......     99%         3    ####...
 Mephitic Cloud           Conj/Pois/Air  #.......     99%         3    ####...
 Regeneration             Chrm/Necr      #.........   99%         3    ####...
 Vampiric Draining        Necr           #.........   99%         3    ####...
 Animate Dead             Necr           N/A          100%        4    #####..
 Freezing Cloud           Conj/Ice/Air   #.........   100%        6    #######
 Ring of Flames           Chrm/Fire      #.........   100%        7    #######


Dungeon Overview and Level Annotations

Branches:
Dungeon (13/15)            Temple (1/1) D:4            Lair (6/6) D:11
 Shoals (0/4) Lair:2       Spider (0/4) Lair:2        Slime (0/5) Lair:5
    Orc (0/2) D:12
 Vaults: D:13-14

Altars:
Ashenzari
Cheibriados
Dithmenos
Elyvilon
Fedhas
Gozag
Hepliaklqana
Kikubaaqudgha
Makhleb
Nemelex Xobeh
Okawaru
Qazlal
Ru
Sif Muna
Trog
Uskayaw
Vehumet
Wu Jian
Xom
Yredelemnul
Zin
The Shining One
Lugonu

Shops:
D:8 :   D:9 *   D:12 (%=[

Annotations:
D:11 1 runed translucent door, doot's ghost, journeyman DESu


Innate Abilities, Weirdness & Mutations

You have razor-sharp teeth.
You heal very quickly.
When hurt, damage is shared between your health and your magic reserves.
Your bite disrupts and absorbs the magic of your enemies.
Potions cannot restore your health.
You are immune to rotting.


Message History

Your system rejects the healing.
You feel better.
The meliai calls down the wrath of its god upon you.
Something smites you!
The meliai calls upon its god to heal the meliai.
The meliai is healed somewhat.
The meliai hits you but does no damage. The meliai misses you.
You block the meliai's attack. x2
The meliai calls upon its god to heal the meliai.
The meliai's wounds heal themselves!
You block the meliai's attack.
The meliai stings you but does no damage.
The meliai calls down the wrath of its god upon you.
Something smites you!
* * * LOW HITPOINT WARNING * * *
The meliai calls down the wrath of its god upon you.
Something smites you!
* * * LOW HITPOINT WARNING * * *
You block the meliai's attack. x2
The meliai invokes the aid of its god against you.
Something smites you!
You die...

#....# #.............##
#....###.....#######...
#............# #...
###............# #...
#..............# #...
#..............#######...
#........................
######.........y..............
#........<...@y...............
#.........########............
#..)......#......'......#####.
#.........#......#......# #.
#.........#......#......# #.
#######...########))....# #.
#.............(...# #.
#..........>......# #.
#....######.......# #.


You could see 2 meliai.

Vanquished Creatures
  A ghoul (D:13)
  A fire dragon (Lair:6)
  5 hydras
  2 two-headed ogres
  A catoblepas (D:13)
  4 death yaks
  Urug (Lair:1)
  A queen ant (D:7)
  Sonja (Lair:1)
  2 skeletal warriors (D:13)
  A swamp dragon (Lair:6)
  A wolf spider zombie (D:13)
  Pikel (D:5)
  A manticore (D:11)
  2 oklob plants (D:11)
  Maurice (D:9)
  8 black mambas
  6 elephants (Lair:6)
  4 centaur zombies (D:13)
  A torpor snail (Lair:6)
  Psyche (D:9)
  A centaur skeleton (D:13)
  11 spiny frogs
  3 rime drakes
  A kobold demonologist (D:11)
  10 komodo dragons
  4 trolls
  Grinder (D:4)
  2 meliai (D:13)
  11 polar bears
  5 blink frogs (Lair:4)
  Prince Ribbit (D:5)
  4 hippogriffs
  6 raiju (Lair:6)
  8 dream sheep
  Sigmund (D:3)
  A spriggan (Lair:4)
  Eustachio (D:6)
  5 wyverns
  A tarantella (Lair:2)
  A vampire (D:10)
  A human (D:12)
  25 yaks
  2 hungry ghosts
  2 basilisks
  2 hogs (D:12)
  A steam dragon (Lair:6)
  Edmund (D:4)
  15 soldier ants
  4 wargs (Lair:6)
  6 acid dragons
  7 porcupines
  9 water moccasins
  11 hell hounds (Lair:6)
  A sky beast (D:12)
  12 black bears
  8 orc warriors
  3 necrophages
  A phantom (D:11)
  16 wolves
  4 ogres
  13 centaurs
  13 crocodiles
  2 big kobolds
  Blork the orc (D:6)
  11 bullfrogs
  A gnoll sergeant (D:12)
  A water moccasin zombie (D:8)
  4 scorpions
  17 killer bees
  8 wights
  4 howler monkeys
  2 bullfrog zombies
  3 crimson imps
  5 hounds
  3 quasits
  Crazy Yiuf (D:3)
  14 jellies
  4 bullfrog skeletons
  7 orc priests
  2 gnoll shamans
  12 orc wizards
  Jessica (D:2)
  34 worker ants
  5 iguanas
  7 hell rats
  2 hound skeletons (D:5)
  A mummy (D:13)
  2 howler monkey zombies
  Robin (D:2)
  3 worker ant zombies
  19 gnolls
  14 adders
  5 shadow imps
  A white imp (D:6)
  4 oozes
  An adder skeleton (D:9)
  A worm (D:5)
  2 dart slugs
  2 leopard geckos
  40 orcs
  4 giant cockroaches
  19 goblins
  16 hobgoblins
  8 jackals
  12 kobolds
  6 quokkas
  2 ball pythons (D:4)
  8 bats
  2 frilled lizards (D:1)
  2 hobgoblin zombies (D:6)
  A jackal skeleton (D:9)
  A kobold skeleton (D:6)
  A kobold zombie (D:6)
  An orc skeleton (D:6)
  An orc zombie (D:6)
  6 rats
  4 fungi
  9 plants
  A withered plant (D:13)
632 creatures vanquished.

Vanquished Creatures (others)
  An acid dragon (Lair:6)
  14 fungi
  16 plants
31 creatures vanquished.

Grand Total: 663 creatures vanquished

Notes
Turn   | Place    | Note
-------+----------+-------------------------------------------
     0 | D:1      | poirepourri the Vine Stalker Fighter began the quest for
                  | the Orb.
     0 | D:1      | Reached XP level 1. HP: 11/11 MP: 2/2
    31 | D:1      | Reached skill level 2 in Axes
    41 | D:1      | Reached XP level 2. HP: 16/16 MP: 1/3
   139 | D:1      | Reached skill level 3 in Axes
   236 | D:1      | Reached XP level 3. HP: 19/19 MP: 4/4
   698 | D:2      | Noticed Jessica
   715 | D:2      | Killed Jessica
   715 | D:2      | Reached skill level 4 in Axes
   715 | D:2      | Gained mutation: Your natural rate of healing is unusually
                  | fast. [Vine Stalker growth]
   715 | D:2      | Reached XP level 4. HP: 5/23 MP: 5/5
  1174 | D:2      | Noticed Robin
  1187 | D:2      | Killed Robin
  1318 | D:2      | Reached XP level 5. HP: 26/27 MP: 6/6
  1481 | D:3      | Found a blossoming altar of Fedhas.
  1696 | D:3      | Noticed Sigmund
  1712 | D:3      | Killed Sigmund
  1712 | D:3      | Reached skill level 5 in Axes
  1712 | D:3      | Reached XP level 6. HP: 31/32 MP: 7/7
  1760 | D:3      | Found an ancient bone altar of Kikubaaqudgha.
  1803 | D:3      | Reached skill level 6 in Axes
  2040 | D:3      | Found a runed translucent door.
  2041 | D:3      | Noticed Crazy Yiuf
  2056 | D:3      | Killed Crazy Yiuf
  2103 | D:4      | Noticed Grinder
  2284 | D:4      | Reached XP level 7. HP: 35/35 MP: 8/8
  2316 | D:4      | Noticed Edmund
  2342 | D:4      | Killed Edmund
  2342 | D:4      | Reached skill level 7 in Axes
  2409 | D:4      | Found an iron altar of Okawaru.
  2545 | D:4      | Found an opulent altar of Gozag.
  2619 | D:4      | Killed Grinder
  2619 | D:4      | Reached skill level 8 in Axes
  2619 | D:4      | Gained mutation: You have razor-sharp teeth. [Vine Stalker
                  | growth]
  2619 | D:4      | Reached XP level 8. HP: 39/39 MP: 9/9
  2761 | D:4      | Found a staircase to the Ecumenical Temple.
  2893 | Temple   | Entered the Ecumenical Temple
  3030 | D:5      | Entered Level 5 of the Dungeon
  3074 | D:5      | Found a bloodstained altar of Trog.
  3259 | D:5      | Noticed Prince Ribbit
  3270 | D:5      | Killed Prince Ribbit
  3270 | D:5      | Reached skill level 9 in Axes
  3382 | D:5      | Found a snail-covered altar of Cheibriados.
  3382 | D:5      | Found a hazy altar of Hepliaklqana.
  3439 | D:5      | Noticed Pikel
  3458 | D:5      | Killed Pikel
  3458 | D:5      | Reached skill level 5 in Fighting
  3458 | D:5      | Reached XP level 9. HP: 47/47 MP: 10/10
  3758 | D:5      | Found a burning altar of Makhleb.
  4514 | D:6      | Found a shimmering altar of Xom.
  4883 | D:6      | Found a glowing golden altar of the Shining One.
  4994 | D:6      | Found a glowing golden altar of the Shining One.
  4994 | D:6      | Found a glowing silver altar of Zin.
  4994 | D:6      | Noticed Eustachio
  4994 | D:6      | Noticed Blork the orc
  4995 | D:6      | Found a white marble altar of Elyvilon.
  4998 | D:6      | Killed Blork the orc
  5005 | D:6      | Killed Eustachio
  5012 | D:6      | Became a worshipper of Zin the Law-Giver
  5012 | D:6      | Reached * piety under Zin
  5012 | D:6      | Reached ** piety under Zin
  5276 | D:7      | Found a blossoming altar of Fedhas.
  5553 | D:7      | Reached XP level 10. HP: 58/58 MP: 11/11
  5828 | D:7      | Found a bloodstained altar of Trog.
  5860 | D:7      | Found a faded altar of an unknown god.
  5860 | D:7      | Found a sparkling altar of Nemelex Xobeh.
  5873 | D:7      | Reached skill level 5 in Shields
  5928 | D:7      | Found a basalt altar of Yredelemnul.
  5930 | D:7      | Found a faded altar of an unknown god.
  5932 | D:7      | Found a sacrificial altar of Ru.
  5935 | D:7      | Reached *** piety under Zin
  5964 | D:8      | Donated 230 gold pieces to Zin
  6087 | D:8      | Noticed a queen ant
  6116 | D:7      | Killed a queen ant
  6303 | D:7      | Reached XP level 11. HP: 34/62 MP: 10/12
  6472 | D:8      | Found Gakarof's Book Emporium.
  6564 | D:8      | Found an ornate altar of the Wu Jian Council.
  6740 | D:8      | Noticed a two-headed ogre
  6750 | D:8      | Killed a two-headed ogre
  6855 | D:8      | Found a shattered altar of Ashenzari.
  6859 | D:8      | Reached skill level 10 in Shields
  7017 | D:9      | Found a hide-covered altar of Uskayaw.
  7033 | D:9      | Noticed Maurice
  7044 | D:9      | Killed Maurice
  7084 | D:9      | Got a smoking helmet
  7090 | D:9      | Identified the +1 helmet "Arall" {rC+++} (You found it on
                  | level 9 of the Dungeon)
  7102 | D:9      | Found Peasoschu's Assorted Antiques.
  7107 | D:9      | Bought a scroll of enchant weapon for 285 gold pieces
  7209 | D:9      | Reached **** piety under Zin
  7514 | D:9      | Noticed Psyche
  7522 | D:9      | Killed Psyche
  8099 | D:10     | Entered Level 10 of the Dungeon
  8614 | D:10     | Reached ***** piety under Zin
  8695 | D:10     | Noticed a two-headed ogre
  8706 | D:10     | Killed a two-headed ogre
  9038 | D:11     | Noticed a manticore
  9052 | D:11     | Killed a manticore
  9052 | D:11     | Gained mutation: You heal very quickly. [Vine Stalker
                  | growth]
  9052 | D:11     | Reached XP level 12. HP: 50/66 MP: 13/13
  9193 | D:11     | Reached skill level 10 in Axes
  9519 | D:11     | Found the +3 Elemental Staff {rElec rF++ rC++ MR++ AC+5}
  9911 | D:11     | Found a runed translucent door.
  9913 | D:11     | Noticed doot's ghost (journeyman DESu)
  9988 | D:11     | Found a staircase to the Lair.
 10020 | D:11     | Reached skill level 11 in Axes
 10034 | Lair:1   | Entered Level 1 of the Lair of Beasts
 10077 | Lair:1   | Noticed a five-headed hydra
 10089 | Lair:1   | Killed a five-headed hydra
 10148 | Lair:1   | Noticed Sonja
 10156 | Lair:1   | Killed Sonja
 10484 | Lair:1   | Reached skill level 12 in Axes
 10516 | Lair:1   | Noticed Urug
 10539 | Lair:1   | Killed Urug
 10964 | Lair:2   | Found a staircase to the Shoals.
 11267 | Lair:2   | Found a hole to the Spider Nest.
 11313 | Lair:2   | Reached skill level 13 in Axes
 11399 | Lair:2   | Reached XP level 13. HP: 70/70 MP: 14/14
 12153 | Lair:3   | Reached skill level 14 in Axes
 12635 | Lair:4   | Reached skill level 1 in Evocations
 12769 | Lair:4   | Identified a scroll of acquirement
 13615 | Lair:5   | Reached skill level 5 in Evocations
 14113 | Lair:5   | Found a staircase to the Slime Pits.
 14416 | Lair:6   | Entered Level 6 of the Lair of Beasts
 14723 | Lair:6   | Reached skill level 1 in Invocations
 14976 | Lair:6   | Reached XP level 14. HP: 74/75 MP: 18/20
 14989 | Lair:6   | Reached skill level 5 in Invocations
 16002 | Lair:6   | Reached ****** piety under Zin
 16456 | Lair:6   | Reached skill level 10 in Fighting
 17220 | D:12     | Found Muxaliwu's Food Shop.
 17229 | D:12     | Bought a ration for 60 gold pieces
 17229 | D:12     | Bought a ration for 60 gold pieces
 17239 | D:12     | Got a shimmering flail
 17243 | D:12     | Identified the +6 flail of Sequestration {crush, rC- rN+++
                  | Str+4 Stlth+} (You found it on level 12 of the Dungeon)
 17277 | D:12     | Found Onworrai's Armour Shop.
 17283 | D:12     | Bought a +2 shield of protection for 301 gold pieces
 17336 | D:12     | Found Xuoqisot's Jewellery Emporium.
 17393 | D:12     | Bought a cursed +3 amulet of reflection for 228 gold pieces
 17438 | D:12     | Found a staircase to the Orcish Mines.
 17684 | D:12     | Found Cigop's Book Boutique.
 17722 | D:12     | Found Ymel's Weapon Boutique.
 18093 | D:13     | Noticed a ghoul
 18110 | D:13     | Killed a ghoul
 18466 | D:13     | Noticed an ironheart preserver
 18481 | D:13     | Killed from afar by a meliai

Skill      XL: |  1  2  3  4  5  6  7  8  9 10 11 12 13 14 |
---------------+-------------------------------------------+-----
Axes           | 2 3 4 5 6 8 9 13 14 | 14.0
Fighting       | 5 9 11 | 11.8
Shields        | 3 9 12 | 12.0
Evocations     | 7 |  7.0
Invocations    | 4 8 |  8.0
Armour         | |  2.4

Action                   |  1- 3 |  4- 6 |  7- 9 | 10-12 | 13-15 || total
-------------------------+-------+-------+-------+-------+-------++-------
Melee: War axe           |    92 |   127 |   256 |   646 |   760 ||  1881
       Bite              |    27 |    37 |    76 |   247 |   332 ||   719
       Flail             |       |       |       |     5 |    17 ||    22
Throw: Throwing net      |       |       |     2 |       |       ||     2
       Tomahawk          |       |       |     1 |       |       ||     1
Invok: Vitalisation      |       |       |       |     1 |     2 ||     3
       Donate Gold       |       |       |       |     1 |       ||     1
Evoke: Wand              |       |       |       |    24 |    23 ||    47
  Use: Scroll            |     4 |     4 |    12 |     5 |    14 ||    39
       Potion            |     1 |     2 |     2 |     3 |     6 ||    14
 Stab: Distracted        |       |       |       |       |     1 ||     1
  Eat: Ration            |       |     2 |     3 |     6 |     6 ||    17
       Chunk             |       |       |     1 |     1 |     2 ||     4
Armor: Scale mail        |    52 |    41 |    81 |   155 |   195 ||   524
       Skin              |       |       |     4 |       |       ||     4
       Acid dragon scale |       |       |       |    11 |       ||    11
Dodge: Dodged            |    42 |    21 |    77 |   434 |   537 ||  1111
Block: Shield            |    62 |    72 |   119 |   457 |   594 ||  1304
